 Dungeon Crawl Stone Soup version 0.30-a0-393-g54b8e3be05 (webtiles) character file.

Game seed: 5581619635562933197

1 porpoise the Trooper (level 1, -3/18 HPs)
             Began as a Demonspawn Monk on Dec 6, 2022.
             Slain by a quokka (4 damage)
             ... on level 1 of the Dungeon.
             The game lasted 00:00:28 (79 turns).

porpoise the Trooper (Demonspawn Monk)                Turns: 79, Time: 00:00:29

Health: -3/18      AC:  2    Str: 11    XL:     1   Next: 16%
Magic:  1/1        EV: 12    Int: 11    God:
Gold:   42         SH:  0    Dex: 15    Spells: 0/0 levels left

rFire   . . .      SeeInvis .    a - +0 falchion
rCold   . . .      Faith    .    (no shield)
rNeg    . . .      Spirit   .    b - +0 robe
rPois   .          Reflect  .    (no helmet)
rElec   .          Harm     .    (no cloak)
rCorr   .          Rampage  .    (no gloves)
Will    .....                    (no boots)
Stlth   ++........               (no amulet)
HPRegen 0.23/turn                (no ring)
MPRegen 0.07/turn                (no ring)

@: no status effects
A: no striking features
a: no special abilities


You were on level 1 of the Dungeon.
You visited 1 branch of the dungeon, and saw 1 of its levels.

You collected 42 gold pieces.

Inventory:

Hand Weapons
 a - a +0 falchion (weapon)
Armour
 b - a +0 robe (worn)
Scrolls
 d - 2 scrolls of blinking {unknown}
 e - a scroll of enchant weapon {unknown}
Potions
 c - a potion of ambrosia


   Skills:
 + Level 3.0 Fighting
 * Level 2.7 Long Blades
 - Level 2.6 Dodging
 - Level 1.7 Stealth


You couldn't memorise any spells.
You didn't know any spells.
Your spell library was empty.

Dungeon Overview and Level Annotations

Branches:
Dungeon (1/15)

Altars:


Message History

You open the door.
There is an open door here.
As you open the door, it creaks loudly!
You hear a shout!
A hobgoblin comes into view.
There is an open door here.
You hit the hobgoblin.
You kill the hobgoblin!
Found an escape hatch in the floor.
You now have 38 gold pieces (gained 10).
d - 2 scrolls labelled WUCLOUPSAS You now have 42 gold pieces (gained 4).
e - a scroll labelled JALIXZ ZAHER
Found a club.
A quokka comes into view.
Found 3 gold pieces.
A kobold comes into view. It is wielding a +0 club.
The kobold shouts!
A quokka comes into view.
You closely miss the quokka. The quokka closely misses you.
You closely miss the quokka. The quokka bites you. The quokka misses you.
You closely miss the quokka. The quokka bites you.
The quokka barely misses you. The kobold hits you with a +0 club.
The quokka closely misses you. The quokka barely misses you.
You hit the quokka.
The quokka is moderately wounded.
The kobold hits you with a +0 club. The quokka completely misses you.
The quokka barely misses you.
You hit the quokka but do no damage.
The quokka is moderately wounded.
The quokka misses you. The kobold hits you with a +0 club.
* * * LOW HITPOINT WARNING * * *
The quokka bites you.
* * * LOW HITPOINT WARNING * * *
The quokka bites you but does no damage.
The kobold closely misses you.
You closely miss the quokka.
The quokka is moderately wounded.
The quokka completely misses you. The quokka closely misses you.
The quokka bites you.
You die...

### ########### ...
#..........
##.########..........
.....................
#.#.....#...........
###.#.#rK...##..........
#.....r@....##..........
......##..####..........
..... ##.$.............
.... #...............
### ##..............
..>...........
..............
....######...# #...#


You could see 2 quokkas and a kobold.

Vanquished Creatures
  A hobgoblin (D:1)
1 creature vanquished.

Notes
Turn   | Place    | Note
-------+----------+-------------------------------------------
     0 | D:1      | porpoise the Demonspawn Monk began the quest for the Orb.
     0 | D:1      | Reached XP level 1. HP: 18/18 MP: 1/1
    79 | D:1      | Slain by a quokka

Illustrated notes

Levels and vault maps discovered:
D:1:      evilmike_arrival_plus, layout_basic, basic_ecumenical_altar,
          minmay_tetromino_t2

Action                   || total
-------------------------++-------
Melee: Falchion          ||     7
Armor: Robe              ||     1
Dodge: Dodged            ||    11

Table legend: (Time is in decaauts)
 A = Elapsed time spent in this place.
 B = Non-inter-level travel time spent in this place.
 C = Inter-level travel time spent in this place.
 D = Time resting spent in this place.
 E = Time spent auto-exploring this place.
 F = Levels seen in this place.
 G = Mean time per level.
                   A        B        C        D        E       F      G
               +--------+--------+--------+--------+--------+-----+--------+
         Total |     80 |     80 |      0 |      0 |     61 |   1 |   80.0 |
       Dungeon |     80 |     80 |      0 |      0 |     61 |   1 |   80.0 |
               +--------+--------+--------+--------+--------+-----+--------+

Top non-repeatable levels by time:
     D:1: 80 daAuts
